 Dungeon Crawl Stone Soup version 0.27-a0-951-gae3e1deef5 (webtiles) character file.

Game seed: 11838283167605086972

1 Alarkh the Insei (level 1, -1/15 HPs)
             Began as a Demonspawn Transmuter on Apr 11, 2021.
             Killed by Freeze
             ... generated by an endoplasm
              (5 damage)
             ... on level 1 of the Dungeon.
             The game lasted 00:00:07 (207 turns).

Alarkh the Insei (Demonspawn Transmuter)             Turns: 207, Time: 00:00:07

Health: -1/15      AC:  2    Str: 10    XL:     1   Next: 16%
Magic:  10/12      EV: 12    Int: 14    God:
Gold:   0          SH:  0    Dex: 13    Spells: 3/4 levels left

rFire    . . .     SeeInvis .     - Unarmed
rCold    . . .     Faith    .   (no shield)
rNeg     . . .     Spirit   .   a - +0 robe
rPois    .         Reflect  .   (no helmet)
rElec    .         Harm     .   (no cloak)
rCorr    .         Rampage  .   (no gloves)
Will     .....                  (no boots)
Stlth    +.........             (no amulet)
HPRegen  0.05/turn              b - ring of magical power
MPRegen  0.13/turn              (no ring)

@: no status effects
A: no striking features
a: no special abilities


You were on level 1 of the Dungeon.
You visited 1 branch of the dungeon, and saw 1 of its levels.

Inventory:

Armour
 a - a +0 robe (worn)
Jewellery
 b - a ring of magical power (left hand)
Potions
 c - a potion of curing {unknown}


   Skills:
 + Level 1.0 Fighting
 - Level 1.7 Dodging
 * Level 2.7 Unarmed Combat
 + Level 2.0 Spellcasting
 + Level 1.8 Transmutations


You had 3 spell levels left.
You knew the following spells:

 Your Spells              Type           Power      Damage    Failure   Level
a - Beastly Appendage     Tmut           12%        N/A       12%         1

Your spell library contained the following spells:

 Spells                   Type           Power      Damage    Failure   Level
 Wereblood                Tmut           6%         N/A       17%         2
 Spider Form              Tmut/Pois      1%         N/A       45%         3
 Ice Form                 Ice/Tmut       3%         N/A       86%         4
 Hydra Form               Tmut           3%         N/A       97%         5


Dungeon Overview and Level Annotations

Branches:
Dungeon (1/15)

Altars:


Message History

No target in view!
Your transformation is almost over.
An endoplasm comes into view.
You see here 2 scrolls labelled JOZAZIAMPU.
An endoplasm is nearby!
A ball python comes into view.
The ball python hisses angrily.
A rat comes into view.
The endoplasm quivers.
Found a faded altar of an unknown god.
You hit the ball python.
You kill the ball python!
You see here a ball python corpse.
You hit the endoplasm but do no damage. Your kick misses the endoplasm.
Your headbutt misses the endoplasm. The endoplasm freezes you.
You are frozen.
You hit the rat.
You kill the rat!
The endoplasm freezes you.
You are frozen.
You are too injured to fight recklessly!
You are too injured to fight recklessly!
You are too injured to fight recklessly!
You are too injured to fight recklessly!
You are too injured to fight recklessly!
You are too injured to fight recklessly!
You are too injured to fight recklessly!
An endoplasm is nearby!
You hit the endoplasm.
The endoplasm is lightly wounded.
The endoplasm freezes you.
You are frozen.
* * * LOW HITPOINT WARNING * * *
You barely miss the endoplasm. You headbutt the endoplasm.
The endoplasm is severely wounded.
Your horns disappear.
Your talons disappear.
The endoplasm freezes you.
You are frozen.
You die...

#.#. .. #.._ .
#.#.#..# #......#
#....+.# #....#.#
#...J..#
#...@.####
#........#
#......#.#
#......#.#######
##.....##.......#
+......>?........#
#####.#####......#
#. #.).>..# #.
+......#


You could see an endoplasm.

Vanquished Creatures
  A ball python (D:1)
  A rat (D:1)
2 creatures vanquished.

Notes
Turn   | Place    | Note
-------+----------+-------------------------------------------
     0 | D:1      | Alarkh the Demonspawn Transmuter began the quest for the
                  | Orb.
     0 | D:1      | Reached XP level 1. HP: 15/15 MP: 3/3
   201 | D:1      | Found a faded altar of an unknown god.
   207 | D:1      | Killed from afar by an endoplasm

Illustrated notes

Levels and vault maps discovered:
D:1:      dpeg_arrival_round_b, layout_basic, chequers_ecumenical_altar_simple,
          serial_bayou_pond_b

Action                   || total
-------------------------++-------
Melee: Unarmed           ||     5
       Headbutt          ||     1
 Cast: Beastly Appendage ||     2

Table legend: (Time is in decaauts)
 A = Elapsed time spent in this place.
 B = Non-inter-level travel time spent in this place.
 C = Inter-level travel time spent in this place.
 D = Time resting spent in this place.
 E = Time spent auto-exploring this place.
 F = Levels seen in this place.
 G = Mean time per level.
                   A        B        C        D        E       F      G
               +--------+--------+--------+--------+--------+-----+--------+
         Total |    206 |    206 |      0 |      0 |    192 |   1 |  206.0 |
       Dungeon |    206 |    206 |      0 |      0 |    192 |   1 |  206.0 |
               +--------+--------+--------+--------+--------+-----+--------+

Top non-repeatable levels by time:
     D:1: 206 daAuts
